 Dungeon Crawl Stone Soup version 0.30-a0-358-g0d69a1922f (webtiles) character file.

Game seed: 10773438321203248410

16596 billz999 the Reanimator (level 11, -6/68 HPs)
             Began as a Demonspawn Necromancer on Nov 9, 2022.
             Was a Priest of Ru.
             Mangled by an elephant (17 damage)
             ... on level 2 of the Lair of Beasts.
             The game lasted 00:47:54 (13309 turns).

billz999 the Reanimator (Demonspawn Necromancer)   Turns: 13309, Time: 00:47:55

Health: -6/68      AC:  2    Str:  8    XL:     11   Next: 11%
Magic:  9/35       EV: 19    Int: 20    God:    Ru [***...]
Gold:   795        SH:  5    Dex: 22    Spells: 21/33 levels left

rFire   + . .      SeeInvis .    (weapon currently unavailable)
rCold   . . .      Faith    .    (shield currently unavailable)
rNeg    . . .      Spirit   .    (body armour currently unavailable)
rPois   x          Reflect  +    (helmet unavailable)
rElec   .          Harm     .    (cloak currently unavailable)
rCorr   .          Rampage  .    (gloves currently unavailable)
Will    .....      Clarity  +    (boots currently unavailable)
Stlth   ++........               u - amulet of reflection
HPRegen 0.31/turn                o - ring of magical power
MPRegen 0.24/turn                j - ring of protection from fire

@: spider-form, frozen, studying Evocations, very slow
A: venomous fangs, tiny, (antennae 3), (icy blue scales 1), icemail 2, unskilled
1, inexperienced 1, condensation shield, demonic magic 1, agile 1, clarity
a: End Transformation, Renounce Religion, Draw Out Power


You were on level 2 of the Lair of Beasts.
You worshipped Ru.
Ru was most pleased with you.
You were a venomous arachnid creature.
You visited 3 branches of the dungeon, and saw 12 of its levels.

You collected 860 gold pieces.
You spent 65 gold pieces at shops.

Inventory:

Hand Weapons
 d - a +0 mace
 w - a +0 dagger
 F - a +1 short sword of flaming
 L - a +4 dagger of chaos (melded)
Armour
 a - a +0 robe (melded)
 c - a +0 pair of gloves (melded)
 K - a +1 leather armour of fire resistance
 M - a +2 robe
Jewellery
 i - a ring of see invisible
 j - a ring of protection from fire (right front leg)
 o - a ring of magical power (left front leg)
 u - an amulet of reflection (around neck)
 H - an amulet of faith
Wands
 p - a wand of charming (26)
 B - a wand of mindburst (8)
 I - a wand of flame (27)
 P - a wand of digging (2)
Scrolls
 f - 2 scrolls of amnesia {unknown}
 h - 2 scrolls of enchant weapon {unknown}
 k - 5 scrolls of identify {unknown}
 l - 2 scrolls of summoning {unknown}
 m - 4 scrolls of blinking {unknown}
 n - a scroll of silence {unknown}
 x - 3 scrolls of teleportation {unknown}
 y - 6 scrolls of immolation {unknown}
 C - 2 scrolls of butterflies {unknown}
 D - a scroll of torment {unknown}
 E - a scroll of acquirement {unknown}
 G - 2 scrolls of magic mapping {unknown}
 J - a scroll of noise {unknown}
 O - 2 scrolls of fear {unknown}
Potions
 b - 2 potions of magic
 e - 4 potions of mutation
 g - 4 potions of curing
 q - 3 potions of berserk rage
 r - 4 potions of attraction {unknown}
 s - 5 potions of lignification {unknown}
 t - 2 potions of flight {unknown}
 v - 2 potions of haste {unknown}
 z - a potion of ambrosia {unknown}
 A - 5 potions of heal wounds
 N - a potion of degeneration {unknown}


   Skills:
 - Level 1.5 Short Blades
 - Level 1.5 Dodging
 - Level 1.5 Stealth
 + Level 11.8 Spellcasting
 + Level 14.3 Necromancy
 - Level 2.6 Transmutations


You had 21 spell levels left.
You knew the following spells:

 Your Spells              Type           Power      Damage    Failure   Level
a - Necrotise             Necr           100%       1d9       1%          1
b - Vampiric Draining     Necr           62%        2d10      1%          3
c - Agony                 Necr           62%        N/A       3%          5
d - Spider Form           Tmut/Pois      17%        N/A       24%         3

Your spell library contained the following spells:

 Spells                   Type           Power      Damage    Failure   Level
 Animate Dead             Necr           62%        N/A       1%          4
 Anguish                  Hex/Necr       20%        N/A       11%         4
 Passwall                 Tmut/Erth      14%        N/A       14%         2
 Ensorcelled Hibernation  Hex/Ice        22%        N/A       22%         2
 Swiftness                Air            11%        N/A       36%         3


Dungeon Overview and Level Annotations

Branches:
Dungeon (9/15)             Temple (1/1) D:7            Lair (2/5) D:9
    Orc (0/2) D:9
  Swamp: Lair:2-3    Shoals: Lair:2-3     Snake: Lair:2-3    Spider: Lair:2-3

Altars:
Ashenzari
Cheibriados
Dithmenos
Fedhas
Gozag
Hepliaklqana
Kikubaaqudgha
Makhleb
Okawaru
Qazlal
Ru
Sif Muna
Trog
Uskayaw
Vehumet
Wu Jian
Xom
Yredelemnul

Shops:
D:3 (   D:9 ([(**

Annotations:
D:8 2 transporters, bande's ghost, novice GrFi


Innate Abilities, Weirdness & Mutations

You are a venomous arachnid creature.
You have poisonous fangs.
You are tiny and dextrous.
Your spellcasting is less reliable in this form.
Your armour is entirely melded.
You are incapable of wielding weapons or throwing items.
((You have a pair of large antennae on your head. (SInv)))
((You are partially covered in icy blue scales. (AC +2)))
A meltable icy envelope protects you from harm. (AC +0)
You are somewhat unskilled. (-1 Apt)
You are somewhat inexperienced. (-1 XL)
A meltable shield of frost defends you. (SH +0)
Spells you cast may paralyse adjacent enemies.
You are agile. (Dex +4, Str/Int -1)
You possess an exceptional clarity of mind.


Message History

The steam dragon begins to attack, but is stunned by your conviction!
The rime drake is engulfed in a cloud of scalding steam.
The helpless rime drake fails to defend itself.
You hit the rime drake but do no damage.
The rime drake is poisoned.
The rime drake is heavily wounded.
An acid dragon comes into view.
The steam dragon closely misses you. The steam dragon misses you.
The steam dragon begins to attack, but is stunned by your conviction!
The rime drake is engulfed in a cloud of scalding steam.
Casting: Vampiric Draining (safe; 1% risk of failure)
Confirm with . or Enter, or press ? or * to list all spells.
Aiming: Vampiric Draining (safe; 1% risk of failure)
Press: ? - help, Shift-Dir - straight line, f - steam dragon, p - rime drake
Aim: a steam dragon (steam, catching its breath)
You draw life force from the steam dragon!
You feel life coursing into your body. Malevolent energies surge around you.
The steam dragon suddenly stops moving!
The acid dragon roars!
The rime drake is no longer paralysed.
The elephant is no longer paralysed.
The elephant misses you. The elephant trunk-slaps you.
An elephant comes into view.
The rime drake breathes ice at you. The icy flash freeze hits you!
* * * LOW HITPOINT WARNING * * *
You are encased in ice.
The elephant trumpets!
The steam dragon is no longer paralysed.
The steam dragon misses you. The steam dragon barely misses you.
The rime drake bites you.
* * * LOW HITPOINT WARNING * * *
The elephant barely misses you. The elephant misses you.
An elephant comes into view.
You block the steam dragon's attack.
The steam dragon claws you but does no damage.
The rime drake bites you.
* * * LOW HITPOINT WARNING * * *
You see here a bullfrog corpse.
The elephant attacks as you move away! The elephant tramples you!
You die...

.>#### ..# ..# .P# ###
.## ##..# #####
.###..#...###.#.##
.#...~...........#####
....≈≈..>.~.~.#.DD...#
...≈~~≈..~~~~###s.D..#
...~≈≈~~≈~~≈.###Ykkk.#
...~≈≈≈≈≈≈≈~~.###SsD##
....~≈≈≈≈≈≈≈.## #kY.#
....~~≈≈≈≈~~.# #DD.#
......~≈~≈~.## #.Y.#
..#.#......######Y.##
..######.#.# #.#.Y.#
..# ##.## ##...##


You could see 5 elephants, 4 rime drakes, 5 steam dragons, a water moccasin, an
acid dragon and a redback.

Vanquished Creatures
  2 two-headed ogres
  Pikel (D:7)
  An oklob plant (Lair:2)
  A black mamba (Lair:2)
  Joseph (D:7)
  6 cane toads
  A rime drake (Lair:2)
  Psyche (D:8)
  4 komodo dragons
  2 trolls
  A hornet (D:8)
  2 blink frogs (Lair:1)
  A wyvern (Lair:1)
  19 yaks
  A shadow (D:6)
  Eustachio (D:5)
  3 basilisks
  A steam dragon (Lair:2)
  Duvessa (D:4)
  4 black bears
  2 sky beasts
  3 ice beasts
  6 orc warriors
  5 wolves
  4 ogres
  A centaur (D:9)
  11 bullfrogs
  3 necrophages
  2 scorpions
  8 wights
  Dowan (D:4)
  9 killer bees
  2 howler monkeys
  5 hounds
  3 jellies (D:7)
  4 orc priests
  3 iguanas
  4 orc wizards
  4 gnolls
  9 adders
  A shadow imp (D:5)
  3 white imps
  An ufetubus (D:4)
  A worm (D:4)
  A dart slug (D:1)
  21 orcs
  2 bats
  3 endoplasms
  3 giant cockroaches
  10 goblins
  6 hobgoblins
  5 kobolds
  4 quokkas
  8 ball pythons
  3 frilled lizards
  7 rats
222 creatures vanquished.

Vanquished Creatures (collateral kills)
  A blink frog (Lair:1)
  5 yaks (Lair:1)
  A black bear (D:5)
  A hound (D:5)
  A shadow imp (D:5)
  An ufetubus (D:5)
  A dart slug (D:2)
  An orc (D:9)
  3 jackals (D:5)
  A frilled lizard (D:3)
16 creatures vanquished.

Vanquished Creatures (others)
  A rime drake (Lair:2)
  A water moccasin (Lair:2)
  A bullfrog (Lair:2)
  A bush (Lair:1)
  7 fungi
  14 plants
25 creatures vanquished.

Grand Total: 263 creatures vanquished

Notes
Turn   | Place    | Note
-------+----------+-------------------------------------------
     0 | D:1      | billz999 the Demonspawn Necromancer began the quest for the
                  | Orb.
     0 | D:1      | Reached XP level 1. HP: 13/13 MP: 3/3
   512 | D:1      | Gained mutation: You have a pair of small antennae on your
                  | head. [demonic ancestry]
   512 | D:1      | Reached XP level 2. HP: 15/19 MP: 0/5
  1333 | D:2      | Reached skill level 5 in Necromancy
  1333 | D:2      | Gained mutation: Spells you cast may paralyse adjacent
                  | enemies. [demonic ancestry]
  1333 | D:2      | Reached XP level 3. HP: 24/24 MP: 5/7
  1497 | D:2      | Learned a level 3 spell: Vampiric Draining
  2009 | D:2      | Reached XP level 4. HP: 23/30 MP: 9/9
  2561 | D:3      | Found Culoisah's Weapon Shop.
  3146 | D:3      | Gained mutation: A meltable shield of frost defends you.
                  | (SH +0) [demonic ancestry]
  3146 | D:3      | Reached XP level 5. HP: 13/35 MP: 10/10
  3610 | D:4      | Noticed Duvessa
  3610 | D:4      | Noticed Dowan
  3627 | D:4      | Killed Duvessa
  3628 | D:4      | Reached skill level 6 in Necromancy
  3740 | D:4      | Killed Dowan
  3741 | D:4      | Reached XP level 6. HP: 41/41 MP: 11/12
  4100 | D:4      | Reached skill level 7 in Necromancy
  4209 | D:4      | Reached skill level 5 in Spellcasting
  4734 | D:4      | Gained mutation: A meltable icy envelope protects you from
                  | harm. (AC +0) [demonic ancestry]
  4734 | D:4      | Reached XP level 7. HP: 46/46 MP: 14/14
  5267 | D:5      | Entered Level 5 of the Dungeon
  5480 | D:5      | Noticed a yak
  5481 | D:5      | Noticed a yak
  5482 | D:5      | Noticed a yak
  5483 | D:5      | Noticed a yak
  5555 | D:4      | Reached skill level 8 in Necromancy
  5568 | D:4      | Killed a yak
  5569 | D:4      | Gained mutation: You have a pair of antennae on your head.
                  | [demonic ancestry]
  5569 | D:4      | Reached XP level 8. HP: 24/52 MP: 12/17
  5733 | D:4      | Reached skill level 9 in Necromancy
  5763 | D:5      | Gained mutation: You are agile. (Dex +4, Str/Int -1)
                  | [potion of mutation]
  5763 | D:5      | Gained mutation: You possess an exceptional clarity of
                  | mind. [potion of mutation]
  5899 | D:4      | Learned a level 5 spell: Agony
  5903 | D:4      | Learned a level 3 spell: Spider Form
  5998 | D:5      | Noticed Eustachio
  6026 | D:5      | Reached skill level 1 in Transmutations
  6047 | D:5      | Killed Eustachio
  6131 | D:5      | Noticed a troll
  6182 | D:5      | Killed a troll
  6183 | D:5      | Reached skill level 10 in Necromancy
  6183 | D:5      | Gained mutation: A meltable icy envelope protects you from
                  | harm. (AC +0) [demonic ancestry]
  6183 | D:5      | Reached XP level 9. HP: 42/57 MP: 18/20
  7306 | D:6      | Reached skill level 11 in Necromancy
  7355 | D:6      | Noticed a two-headed ogre
  7362 | D:6      | Killed a two-headed ogre
  7536 | D:7      | Noticed a komodo dragon
  7545 | D:7      | Killed a komodo dragon
  7546 | D:7      | Gained mutation: You are partially covered in icy blue
                  | scales. (AC +2) [demonic ancestry]
  7546 | D:7      | Reached XP level 10. HP: 63/63 MP: 20/23
  7975 | D:7      | Reached skill level 12 in Necromancy
  8091 | D:7      | Noticed Pikel
  8139 | D:7      | Killed Pikel
  8242 | D:7      | Reached skill level 10 in Spellcasting
  8299 | D:7      | Noticed Joseph
  8333 | D:7      | Killed Joseph
  8566 | D:7      | Found a staircase to the Ecumenical Temple.
  8574 | Temple   | Entered the Ecumenical Temple
  8835 | Temple   | Became a worshipper of Ru the Awakened
  9195 | D:7      | Reached skill level 13 in Necromancy
  9964 | D:8      | Noticed a moth of wrath
  9974 | D:8      | Found a bloodstained altar of Trog.
  9976 | D:8      | Noticed bande's ghost (novice GrFi)
  9981 | D:8      | Found a transporter.
  9984 | D:8      | Found a transporter.
  9985 | D:8      | Noticed a two-headed ogre
 10000 | D:8      | Noticed Psyche
 10025 | D:8      | Killed Psyche
 10248 | D:9      | Gained mutation: You have a pair of large antennae on your
                  | head. (SInv) [demonic ancestry]
 10248 | D:9      | Reached XP level 11. HP: 67/68 MP: 25/25
 10353 | D:9      | Found Hyptixt's Assorted Antiques.
 10372 | D:9      | Gained mutation: You are somewhat inexperienced. (-1 XL)
                  | [Ru sacrifice]
 10372 | D:9      | Reached XP level 10. HP: 63/63 MP: 34/34
 10372 | D:9      | Reached * piety under Ru
 10372 | D:9      | Reached ** piety under Ru
 10378 | D:9      | Found an opulent altar of Gozag.
 10396 | D:9      | Found a staircase to the Lair.
 10414 | D:9      | Found a staircase to the Orcish Mines.
 10414 | D:9      | Found Tedwaih's Weapon Shop.
 10415 | D:9      | Found Learchumn's Armour Shop.
 10565 | D:9      | Found Nizotsut's General Store.
 10568 | D:9      | Bought a potion of heal wounds for 65 gold pieces
 10671 | D:9      | Noticed a two-headed ogre
 10680 | D:9      | Killed a two-headed ogre
 10681 | D:9      | Reached skill level 1 in Short Blades
 10733 | D:9      | Found a snail-covered altar of Cheibriados.
 10733 | D:9      | Found a blossoming altar of Fedhas.
 11048 | D:9      | Found Nekeze's Antique Weapon Emporium.
 11131 | Lair:1   | Entered Level 1 of the Lair of Beasts
 11246 | Lair:1   | Reached skill level 14 in Necromancy
 12250 | Lair:1   | Identified the +1 ring mail of Ashenzari's Anger {rElec
                  | rC++ Regen+ Str-3}
 12436 | Lair:1   | Reached skill level 15 in Necromancy
 12931 | Lair:2   | Reached XP level 11. HP: 66/68 MP: 27/27
 13048 | Lair:2   | Gained mutation: You are somewhat unskilled. (-1 Apt) [Ru
                  | sacrifice]
 13048 | Lair:2   | Reduced skill Necromancy to level 14
 13048 | Lair:2   | Reached *** piety under Ru
 13309 | Lair:2   | Mangled by an elephant

Illustrated notes

Levels and vault maps discovered:
D:1:      wander_arrival_estate, layout_loops_corners,
          hangedman_abyss_or_decor_stabs
D:2:      layout_loops_ring, serial_bayou_lagoon_b
D:3:      layout_basic, serial_shops, nicolae_shop_behind_doors,
          kennysheep_nondescript, minmay_misc_feat_alley
D:4:      layout_layer_cave, dreamdust_princess_bridge, minmay_crossroads,
          uniq_duvessa
D:5:      layout_cave_pools, hangedman_decor_lopped, minmay_manual_monolith,
          uniq_eustachio
D:6:      layout_rooms, minmay_misc_feat_more_columns, minmay_small_thing
D:7:      minmay_cornered_nines, layout_basic, minmay_temple_entry_sparse_star,
          uniq_joseph, uniq_pikel
D:8:      layout_rooms, gammafunk_ghost_wrathful_warriors, uniq_psyche
D:9:      layout_basic, jmf_multi_god_temple, amcnicky_altar_gilded,
          dpeg_oklobed_lair, orc_david_3, serial_shops, kennysheep_little_box,
          kennysheep_mini, nicolae_shop_competitors_out_of_business
Temple:   mainiacjoe_temple_bowtie_tessellation
Lair:1:   layout_layer_cave, lemuel_fruit_tree, grunt_megastairs_5
Lair:2:   nzn_winding_woodlands_medium [nzn_winding_woodlands_5x5_default,
          nzn_winding_woodlands_5x15_cabin, nzn_winding_woodlands_5x5_three,
          nzn_winding_woodlands_5x5_perimeter,
          nzn_winding_woodlands_center_triple_pond,
          nzn_winding_woodlands_5x5_open_star, nzn_winding_woodlands_5x5_cross,
          nzn_winding_woodlands_5x15_sidewinder,
          nzn_winding_woodlands_hourglass], layout_misc_corridors,
          palyth_hydra_swamp_entry, spider_nest_entry_a,
          bobbens_dragon_lair_wall, infiniplex_staircase_pool

Skill      XL: |  1  2  3  4  5  6  7  8  9 10 11 |
---------------+----------------------------------+-----
Necromancy     | 5 6 7 8 10 11 15 14 | 14.3
Spellcasting   | 3 4 5 6 7 9 12 11 | 11.8
Transmutations | 3 2 |  2.6
Short Blades   | 1 |  1.5
Dodging        | |  1.5
Stealth        | |  1.5

Action                   |  1- 3 |  4- 6 |  7- 9 | 10-12 || total
-------------------------+-------+-------+-------+-------++-------
Melee: Unarmed           |     4 |       |       |   125 ||   129
       Mace              |     7 |    35 |       |       ||    42
       Dagger            |       |     3 |   187 |   104 ||   294
       Punch             |       |       |     4 |     3 ||     7
       Short sword       |       |       |       |    35 ||    35
 Cast: Necrotise         |    63 |    70 |    97 |   280 ||   510
       Vampiric Draining |     1 |    13 |    38 |    44 ||    96
       Spider Form       |       |       |       |    12 ||    12
       Agony             |       |       |       |     2 ||     2
Invok: Sacrifice Experie |       |       |       |     1 ||     1
       Sacrifice Skill   |       |       |       |     1 ||     1
Evoke: Wand              |       |       |     9 |     6 ||    15
  Use: Potion            |       |       |     2 |     1 ||     3
 Stab: Paralysed         |     2 |    19 |    71 |   148 ||   240
       Sleeping          |       |       |       |     2 ||     2
Armor: Robe              |     4 |     9 |    79 |    58 ||   150
       Skin              |       |       |       |    20 ||    20
Dodge: Dodged            |    14 |    18 |   167 |   195 ||   394
Block: Other             |       |    21 |   141 |   146 ||   308
       Reflection        |       |       |     1 |     2 ||     3

Table legend: (Time is in decaauts)
 A = Elapsed time spent in this place.
 B = Non-inter-level travel time spent in this place.
 C = Inter-level travel time spent in this place.
 D = Time resting spent in this place.
 E = Time spent auto-exploring this place.
 F = Levels seen in this place.
 G = Mean time per level.
                   A        B        C        D        E       F      G
               +--------+--------+--------+--------+--------+-----+--------+
         Total |  13365 |  12669 |    696 |    559 |  10069 |  12 | 1113.8 |
       Dungeon |  10834 |  10337 |    497 |    437 |   8213 |   9 | 1203.8 |
        Temple |    355 |    203 |    152 |      0 |    189 |   1 |  355.0 |
          Lair |   2174 |   2127 |     47 |    122 |   1667 |   2 | 1087.0 |
               +--------+--------+--------+--------+--------+-----+--------+

Top non-repeatable levels by time:
     D:4: 2207 daAuts
  Lair:1: 1733 daAuts
     D:7: 1582 daAuts
     D:3: 1484 daAuts
     D:1: 1160 daAuts
     D:2: 1072 daAuts
     D:9: 950 daAuts
     D:5: 871 daAuts
     D:6: 784 daAuts
     D:8: 721 daAuts
  Lair:2: 441 daAuts
  Temple: 355 daAuts
